 Dungeon Crawl Stone Soup version 0.22-a0-407-gb098539 (webtiles) character file.

16131 dstrtnsr the Grappler (level 12, -1/118 HPs)
             Began as a Troll Fighter on May 10, 2018.
             Was a Believer of Qazlal.
             Slain by a ten-headed hydra (2 damage)
             ... on level 5 of the Lair of Beasts.
             The game lasted 00:10:42 (10865 turns).

dstrtnsr the Grappler (Troll Fighter)              Turns: 10865, Time: 00:10:43

Health: -1/118     AC: 13    Str: 31    XL:     12   Next: 7%
Magic:  2/18       EV: 10    Int:  4    God:    Qazlal [**....]
Gold:   955        SH: 14    Dex:  9    Spells: 11/11 levels left

rFire    . . .     SeeInvis .     - Unarmed
rCold    . . .     Gourm    +   b - +0 shield
rNeg     + . .     Faith    +   a - +0 robe
rPois    .         Spirit   .   (helmet restricted)
rElec    .         Reflect  .   l - +2 cloak
rCorr    .         Harm     .   (gloves unavailable)
MR       .....                  (boots unavailable)
Stlth    +.........             v - amulet of faith
HPRegen  0.69/turn              j - ring of positive energy
MPRegen  0.16/turn              u - +5 ring of protection

@: no status effects
A: large, unfitting armour, claws 3, fast metabolism 3, gourmand, regeneration
1, shaggy fur 1, tough skin 2
a: Upheaval, Renounce Religion


You were on level 5 of the Lair of Beasts.
You worshipped Qazlal.
Qazlal was pleased with you.
You were full.

You visited 3 branches of the dungeon, and saw 16 of its levels.

You collected 1024 gold pieces.
You spent 69 gold pieces at shops.

Inventory:

Missiles
 B - a throwing net (quivered)
Armour
 a - a +0 robe (worn)
 b - a +0 shield (worn)
 l - a +2 cloak (worn)
Jewellery
 j - a ring of positive energy (left claw)
 u - a +5 ring of protection (right claw)
 v - an amulet of faith (around neck)
 A - an uncursed ring of resist corrosion {unknown}
Wands
 s - a wand of clouds (3)
 D - a wand of disintegration (22)
 P - a wand of paralysis (13)
 V - a wand of digging (34)
Scrolls
 d - a scroll of fog {unknown}
 f - 3 scrolls of teleportation {!d}
 h - 4 scrolls of identify {@r1}
 n - 4 scrolls of remove curse {@r2}
 p - 2 scrolls of immolation {unknown}
 r - a scroll of blinking {unknown}
 w - a scroll of summoning {unknown}
 y - a scroll of enchant armour
 z - 5 scrolls of magic mapping {unknown}
Potions
 c - 2 potions of might
 g - 11 potions of curing {@q1}
 i - 3 potions of heal wounds
 k - a potion of brilliance {unknown}
 m - a potion of magic
 o - a potion of lignification
 q - 2 potions of degeneration
 t - 3 potions of flight
 x - a potion of berserk rage
 C - a potion of mutation {unknown}
Comestibles
 e - 19 rations {!d}


   Skills:
 + Level 7.5 Fighting
 - Level 2.4 Dodging
 + Level 7.5 Shields
 * Level 11.9 Unarmed Combat
 * Level 9.7 Invocations


You had 11 spell levels left.
You didn't know any spells.

Dungeon Overview and Level Annotations

Branches:
Dungeon (10/15)            Temple (1/1) D:5            Lair (5/6) D:10
  Swamp (0/4) Lair:4       Spider (0/4) Lair:4          Orc (0/2) D:9
  Slime: Lair:5-6

Altars:
Ashenzari
Cheibriados
Dithmenos
Elyvilon
Fedhas
Gozag
Hepliaklqana
Kikubaaqudgha
Makhleb
Nemelex Xobeh
Okawaru
Qazlal
Ru
Sif Muna
Trog
Uskayaw
Vehumet
Wu Jian
Xom
Yredelemnul
Zin
The Shining One
Beogh

Shops:
D:4 *

Annotations:
Lair:5 exclusion: oklob plant


Innate Abilities, Weirdness & Mutations

You are too large for most types of armour.
You have claws for hands.
Your metabolism is lightning-fast.
You like to eat raw meat.
Your natural rate of healing is unusually fast.
You are covered in fur. (AC +1)
You have very tough skin. (AC +2)


Message History

The seven-headed hydra bites you but does no damage.
The seven-headed hydra completely misses you.
The seven-headed hydra bites you.
You block the seven-headed hydra's attack.
Unknown command.
The seven-headed hydra bites your water elemental! x2
The seven-headed hydra bites your water elemental.
The seven-headed hydra bites your water elemental! x2
Your water elemental is destroyed!
The seven-headed hydra completely misses your water elemental.
The seven-headed hydra bites your water elemental!
Your water elemental hits the seven-headed hydra!
Your water elemental hits the seven-headed hydra!
Your water elemental engulfs the seven-headed hydra in water!
The seven-headed hydra slips free of the water.
Your water elemental disappears in a puff of smoke!
Aiming: Upheaval
Press: ? - help, Dir - move target cursor A storm cloud blasts the area with cutting wind!
You block the seven-headed hydra's attack.
The seven-headed hydra bites you.
You block the seven-headed hydra's attack.
The seven-headed hydra bites you.
The seven-headed hydra bites you but does no damage. x2
The seven-headed hydra closely misses you.
You don't have enough magic at the moment.
Unknown command.
Evoke which item? (* to show all) (? for menu, Esc to quit)
Aiming: Cloud Cone
Press: ? - help, Dir - move target cursor You create a blast of noxious fumes!
The seven-headed hydra bites you but does no damage.
You block the seven-headed hydra's attack.
The seven-headed hydra bites you!
The seven-headed hydra barely misses you.
The seven-headed hydra bites you but does no damage.
The seven-headed hydra bites you.
You block the seven-headed hydra's attack.
Evoke which item? (* to show all) (? for menu, Esc to quit)
Okay, then.
Unknown command.
Evoke which item? (* to show all) (? for menu, Esc to quit)
Aiming: Cloud Cone
Press: ? - help, Dir - move target cursor, f - seven-headed hydra
Aim: a seven-headed hydra (heavily wounded)
You create a blast of noxious fumes!
You block the seven-headed hydra's attack. x2
The seven-headed hydra bites you.
The seven-headed hydra bites you but does no damage.
The seven-headed hydra barely misses you.
The seven-headed hydra bites you!
* * * LOW HITPOINT WARNING * * *
You block the seven-headed hydra's attack.
Evoke which item? (* to show all) (? for menu, Esc to quit)
Okay, then.
Okay, then.
Okay, then.
Aiming: Upheaval
Press: ? - help, Dir - move target cursor, f/p - seven-headed hydra
Aim: a seven-headed hydra (moderately wounded) Magma suddenly erupts from the ground!
The blast of magma engulfs the seven-headed hydra.
The seven-headed hydra is severely wounded.
You can no longer give life to nearby clouds.
You claw one of the seven-headed hydra's heads off!
The six-headed hydra grows two more!
You mangle the eight-headed hydra!!
The eight-headed hydra is almost dead.
You block the eight-headed hydra's attack. x3
The eight-headed hydra bites you!
* * * LOW HITPOINT WARNING * * *
The eight-headed hydra closely misses you.
The eight-headed hydra bites you but does no damage.
The eight-headed hydra closely misses you.
The eight-headed hydra completely misses you.
You tear one of the eight-headed hydra's heads off!
The seven-headed hydra grows two more!
You scratch the nine-headed hydra.
The nine-headed hydra is severely wounded.
The nine-headed hydra bites you!
* * * LOW HITPOINT WARNING * * *
The nine-headed hydra bites you but does no damage. x2
The nine-headed hydra bites you.
* * * LOW HITPOINT WARNING * * *
The nine-headed hydra bites you.
* * * LOW HITPOINT WARNING * * *
The nine-headed hydra bites you.
* * * LOW HITPOINT WARNING * * *
The nine-headed hydra bites you.
* * * LOW HITPOINT WARNING * * *
You block the nine-headed hydra's attack.
The nine-headed hydra bites you.
* * * LOW HITPOINT WARNING * * *
You rip one of the nine-headed hydra's heads off!
The eight-headed hydra grows two more!
You mangle the ten-headed hydra!!
The ten-headed hydra is almost dead.
The ten-headed hydra bites you!
* * * LOW HITPOINT WARNING * * *
The ten-headed hydra bites you but does no damage.
The ten-headed hydra closely misses you.
The ten-headed hydra barely misses you. The ten-headed hydra bites you.
You die...

#...####.........###P..#
#.................##...###
##...................>...#.
#.........................#
#..........................
#..........................
#.§§..P.#..................
##..#.##.##D...............
#..######@§..........†..#.
#..P.#..#PPP.............#
##P.......PP............###
#P........P.............# #
##................#...PP#
#........P...........PP#
#........P#...........##
#P......#.##..........P# #
###...............#....# #


You could see a ten-headed hydra.

Vanquished Creatures
  2 hydras
  Urug (Lair:3)
  An unseen horror (D:10)
  2 black mambas
  6 spiny frogs
  2 komodo dragons
  3 hippogriffs
  Prince Ribbit (D:8)
  4 blink frogs (Lair:4)
  6 yaks (Lair:5)
  Edmund (D:6)
  6 water moccasins
  5 porcupines
  2 ice beasts
  A black bear (D:6)
  4 ogres
  8 orc warriors
  3 centaurs
  3 phantoms
  14 wolves
  6 crocodiles
  A big kobold (D:8)
  12 bullfrogs
  A gnoll sergeant (D:8)
  A scorpion (D:8)
  10 killer bees
  10 wights
  4 electric eels (Lair:4)
  8 howler monkeys
  2 crimson imps
  A bullfrog zombie (D:9)
  2 quasits (D:10)
  9 orc priests
  A bullfrog skeleton (D:8)
  2 jellies
  3 hounds
  A gnoll shaman (D:8)
  10 orc wizards
  A centaur skeleton (D:4)
  5 iguanas
  3 worker ants
  A hound skeleton (D:9)
  11 adders
  11 gnolls
  3 shadow imps
  3 oozes
  An adder skeleton (D:5)
  2 worms
  4 leopard geckos
  82 orcs
  3 bats
  3 giant cockroaches
  2 goblins (D:3)
  5 hobgoblins
  2 jackals (D:7)
  8 kobolds
  6 quokkas
  A ball python (D:1)
  3 frilled lizards
  A giant cockroach zombie (D:3)
  A quokka zombie (D:8)
  4 rats
  2 plants (D:10)
327 creatures vanquished.

Vanquished Creatures (others)
  A fungus (Lair:5)
  2 plants
3 creatures vanquished.

Grand Total: 330 creatures vanquished

Notes
Turn   | Place    | Note
-------+----------+-------------------------------------------
     0 | D:1      | dstrtnsr the Troll Fighter began the quest for the Orb.
     0 | D:1      | Reached XP level 1. HP: 22/22 MP: 0/0
   212 | D:1      | Reached XP level 2. HP: 29/29 MP: 1/1
   409 | D:2      | Found a deep blue altar of Sif Muna.
   413 | D:2      | Found a blossoming altar of Fedhas.
   418 | D:2      | Found a basalt altar of Yredelemnul.
   599 | D:2      | Reached XP level 3. HP: 33/36 MP: 2/2
   706 | D:2      | Reached skill level 3 in Unarmed Combat
   919 | D:4      | Noticed a phantom
   938 | D:4      | Killed a phantom
   938 | D:4      | Reached XP level 4. HP: 42/45 MP: 3/3
   955 | D:4      | Reached skill level 4 in Unarmed Combat
   955 | D:4      | Reached XP level 5. HP: 53/53 MP: 4/4
  1055 | D:4      | HP: 19/53 [something/magic dart (5)]
  1246 | D:4      | Reached XP level 6. HP: 44/61 MP: 5/5
  1458 | D:4      | Reached skill level 5 in Unarmed Combat
  1723 | D:4      | Found Vako Oggodu's Assorted Antiques.
  1732 | D:4      | Bought a bubbling emerald potion for 21 gold pieces
  1732 | D:4      | Bought a scroll labeled QURUTT TOUDUOPNAIGG for 24 gold pieces
  1732 | D:4      | Bought a scroll labeled XITHRU POULLUGAZU for 24 gold pieces
  1873 | D:5      | Entered Level 5 of the Dungeon
  2256 | D:5      | Reached XP level 7. HP: 64/68 MP: 6/6
  2681 | D:5      | Found a staircase to the Ecumenical Temple.
  2817 | Temple   | Entered the Ecumenical Temple
  2829 | Temple   | Became a worshipper of Qazlal Stormbringer
  2958 | D:5      | Reached skill level 6 in Unarmed Combat
  2958 | D:5      | Reached skill level 1 in Invocations
  2963 | D:5      | HP: 23/70 [wight/trident (15)]
  2972 | D:5      | HP: 28/105 [wight/trident (4)]
  3080 | D:6      | Reached XP level 8. HP: 57/79 MP: 8/8
  3216 | D:6      | Reached skill level 7 in Unarmed Combat
  3318 | D:6      | Found a sand-covered staircase.
  3341 | D:6      | Noticed Edmund
  3353 | D:6      | Killed Edmund
  3361 | D:6      | Reached * piety under Qazlal
  3628 | D:7      | Reached skill level 5 in Shields
  3634 | D:7      | Reached skill level 5 in Fighting
  3634 | D:7      | Reached XP level 9. HP: 88/88 MP: 11/11
  3824 | D:7      | Reached skill level 8 in Unarmed Combat
  3939 | D:8      | Reached skill level 5 in Invocations
  3942 | D:8      | Noticed Prince Ribbit
  3983 | D:8      | Reached ** piety under Qazlal
  4005 | D:8      | HP: 33/88 [Prince Ribbit (5)]
  4007 | D:8      | Killed Prince Ribbit
  4106 | D:8      | HP: 35/88 [gnoll/flail (1)]
  4113 | D:8      | HP: 32/88 [gnoll/enchanted spear (1)]
  4538 | D:9      | Reached skill level 9 in Unarmed Combat
  4588 | D:9      | Found a staircase to the Orcish Mines.
  4764 | D:9      | Reached XP level 10. HP: 87/98 MP: 13/13
  4890 | D:9      | Reached *** piety under Qazlal
  4962 | D:9      | Found a roughly hewn altar of Beogh.
  5246 | D:9      | Found an ornate altar of the Wu Jian Council.
  5399 | D:10     | Entered Level 10 of the Dungeon
  5443 | D:10     | Killed an unseen horror
  5642 | D:10     | Reached **** piety under Qazlal
  5845 | D:10     | Reached skill level 10 in Unarmed Combat
  6012 | D:10     | Found a staircase to the Lair.
  6270 | Lair:1   | Entered Level 1 of the Lair of Beasts
  6277 | Lair:1   | Noticed a black mamba
  6283 | Lair:1   | Noticed a spiny frog
  6299 | Lair:1   | Killed a black mamba
  6307 | Lair:1   | Killed a spiny frog
  6891 | Lair:1   | Reached XP level 11. HP: 107/107 MP: 16/16
  8229 | Lair:3   | Noticed a five-headed hydra
  8233 | Lair:3   | Killed a five-headed hydra
  8363 | Lair:3   | Noticed Urug
  8378 | Lair:3   | HP: 18/107 [Urug/enchanted halberd (37)]
  8382 | Lair:3   | Killed Urug
  8382 | Lair:3   | Reached skill level 11 in Unarmed Combat
  9298 | Lair:4   | Found a hole to the Spider Nest.
  9349 | Lair:4   | Noticed a four-headed hydra
  9357 | Lair:4   | Killed an eight-headed hydra
  9878 | Lair:4   | HP: 42/109 [electric eel/bolt of electricity (11)]
 10100 | Lair:4   | Found a staircase to the Swamp.
 10603 | Lair:5   | Reached XP level 12. HP: 116/118 MP: 18/18
 10720 | Lair:5   | Found a radiant altar of Vehumet.
 10759 | Lair:5   | Noticed a catoblepas
 10765 | Lair:5   | Noticed a seven-headed hydra
 10841 | Lair:5   | HP: 39/118 [seven-headed hydra (11)]
 10849 | Lair:5   | HP: 41/118 [seven-headed hydra (2)]
 10863 | Lair:5   | HP: 33/118 [eight-headed hydra (10)]
 10864 | Lair:5   | HP: 15/118 [nine-headed hydra (5)]
 10865 | Lair:5   | HP: 1/118 [ten-headed hydra (9)]
 10865 | Lair:5   | Slain by a ten-headed hydra

Vault maps used:
D:1:      elethiomel_arrival_infinity_welcomes_careful_drivers,
          minmay_misc_feat_plants, hangedman_decor_opposing, minmay_tromino_i2
D:2:      minmay_overflow_temple_star_quad, feat_on_display
D:3:      cheibrodos_sewer_entry_drain, uniq_natasha
D:4:      serial_shops, shop
D:5:      temple_hall, first_ration, kennysheep_generic_room_12
D:6:      lightli_ossuary_entry_decrepit_ruins, uniq_edmund
D:7:      hangedman_decor_slide_cut
D:8:      uniq_prince_ribbit1
D:9:      kennysheep_little_box, orc_0_dummy
D:10:     david_lair_shrubbed
Temple:   nicolae_temple_no_exploring_needed
Lair:1:   st_stairs_4, grunt_megastairs_2
Lair:2:   serial_bayou_pond_c, infiniplex_staircase_pool_2
Lair:3:   uniq_urug
Lair:4:   minmay_swamp_entry_eels, dummy_spider_entry, serial_bayou_shore_b,
          grunt_megastairs_3
Lair:5:   slime_altar_1, lemuel_oklob_altar, lemuel_fruit_tree

Skill      XL: |  1  2  3  4  5  6  7  8  9 10 11 |
---------------+----------------------------------+-----
Unarmed Combat | 3 4 5 6 7 9 10 11 | 11.9
Fighting       | 3 4 5 6 7 |  7.5
Shields        | 3 4 5 6 7 |  7.5
Invocations    | 2 4 6 8 9 |  9.7
Dodging        | |  2.4

Action                   |  1- 3 |  4- 6 |  7- 9 | 10-12 || total
-------------------------+-------+-------+-------+-------++-------
Melee: Unarmed           |    67 |   133 |   337 |   485 ||  1022
Invok: Upheaval          |       |       |     1 |    15 ||    16
       Elemental Force   |       |       |       |     1 ||     1
Evoke: Wand              |       |       |       |     4 ||     4
  Use: Scroll            |       |     5 |     5 |     6 ||    16
       Potion            |       |       |     1 |     1 ||     2
  Eat: Chunk             |    11 |    12 |    27 |    49 ||    99
       Ration            |       |       |       |     1 ||     1
Armor: Robe              |    19 |    35 |    63 |   114 ||   231
Dodge: Dodged            |    20 |    26 |    96 |   130 ||   272
       Deflected         |       |       |       |     1 ||     1
Block: Shield            |    13 |    49 |   201 |   336 ||   599

Table legend:
 A = Spawn XP
 B = Non-spawn XP
 C = Spawn XP percentage of total XP
 D = Spawn monster count
 E = Non-spawn monster count
 F = Spawn count percentage of total count
 G = Total turns spent on level
                    A         B        C        D         E        F      G
               +---------+---------+-------+---------+---------+-------+---------
         Total |       0 |   23045 |   0.0 |       0 |     325 |   0.0 | 10865
               +---------+---------+-------+---------+---------+-------+---------
           D:1 |       0 |      19 |   0.0 |       0 |      12 |   0.0 |   342
           D:2 |       0 |      33 |   0.0 |       0 |       6 |   0.0 |   404
           D:3 |       0 |      24 |   0.0 |       0 |       7 |   0.0 |   167
           D:4 |       0 |     487 |   0.0 |       0 |      27 |   0.0 |   960
           D:5 |       0 |     658 |   0.0 |       0 |      22 |   0.0 |  1164
           D:6 |       0 |    1343 |   0.0 |       0 |      22 |   0.0 |   550
           D:7 |       0 |     678 |   0.0 |       0 |      17 |   0.0 |   323
           D:8 |       0 |    1570 |   0.0 |       0 |      41 |   0.0 |   597
           D:9 |       0 |    1536 |   0.0 |       0 |      59 |   0.0 |   872
          D:10 |       0 |    3155 |   0.0 |       0 |      51 |   0.0 |   871
        Lair:1 |       0 |    1589 |   0.0 |       0 |       7 |   0.0 |   857
        Lair:2 |       0 |    1560 |   0.0 |       0 |       7 |   0.0 |   989
        Lair:3 |       0 |    4192 |   0.0 |       0 |      16 |   0.0 |  1179
        Lair:4 |       0 |    3534 |   0.0 |       0 |      15 |   0.0 |  1239
        Lair:5 |       0 |    2667 |   0.0 |       0 |      16 |   0.0 |   331
               +---------+---------+-------+---------+---------+-------+---------
